 Dungeon Crawl Stone Soup version 0.28.0-49-g6dfe1f597d (webtiles) character file.

Game seed: 1385166837243833406

59 pkoi the Charlatan (level 3, -2/27 HPs)
             Began as a Demigod Artificer on May 17, 2022.
             Slain by an orc
             ... wielding a +0 flail
              (7 damage)
             ... on level 3 of the Dungeon.
             The game lasted 00:04:36 (3558 turns).

pkoi the Charlatan (Demigod Artificer)              Turns: 3558, Time: 00:04:37

Health: -2/27      AC: 10    Str: 17    XL:     3   Next: 54%
Magic:  5/5        EV:  5    Int: 13    God:
Gold:   137        SH:  0    Dex: 14    Spells: 2/2 levels left

rFire   . . .      SeeInvis .   j - +0 short sword
rCold   . . .      Faith    .   (no shield)
rNeg    . . .      Spirit   .   q - +0 plate armour
rPois   .          Reflect  .   (no helmet)
rElec   .          Harm     .   (no cloak)
rCorr   .          Rampage  .   (no gloves)
Will    .....                   (no boots)
Stlth   ..........              (no amulet)
HPRegen 0.09/turn               (no ring)
MPRegen 0.09/turn               (no ring)

@: no status effects
A: high MP 1, forlorn, divine attributes
a: no special abilities


You were on level 3 of the Dungeon.
You visited 1 branch of the dungeon, and saw 3 of its levels.

You collected 137 gold pieces.

Inventory:

Hand Weapons
 a - a +0 club
 g - a +0 hunting sling
 j - a +0 short sword (weapon)
 l - a +0 war axe
 p - a +0 whip
Armour
 b - a +0 leather armour
 q - a +0 plate armour (worn)
Jewellery
 n - a +6 ring of strength
Wands
 c - a wand of flame (15) (quivered)
 d - a wand of charming (13)
Scrolls
 f - a scroll of teleportation
 i - a scroll of identify {unknown}
Potions
 h - a potion of mutation {unknown}
 k - a potion of berserk rage {unknown}
 m - a potion of heal wounds {unknown}
 r - a potion of curing {unknown}
 s - a potion of attraction {unknown}
Miscellaneous
 e - a piece from Xom's chessboard (15/15)


   Skills:
 - Level 0.8 Fighting
 + Level 2.0 Armour
 - Level 0.8 Dodging
 - Level 0.8 Stealth
 * Level 2.7 Unarmed Combat
 * Level 3.0 Evocations


You had 2 spell levels left.
You didn't know any spells.
Your spell library was empty.

Dungeon Overview and Level Annotations

Branches:
Dungeon (3/15)


Innate Abilities, Weirdness & Mutations

You have an increased reservoir of magic. (+10% MP)
You shall have no god before yourself.
Your divine heritage dramatically boosts your attributes as you level up.


Message History

The adder poisons you!
Aiming: Charm
Press: ? - help, Shift-Dir - straight line, f - adder
Aim: an adder (moderately wounded, chance to affect: 65%)
The adder is charmed.
You feel sick.
You hear a shout!
The orc hits your adder with a +0 mace.
An orc comes into view. It is wielding a +0 flail.
You hear a shout! x2
Unknown command.
An orc comes into view. It is wielding a +0 club.
You feel sick.
The orc shouts!
The orc hits you with a +0 flail!
* * * LOW HITPOINT WARNING * * *
The orc hits your adder with a +0 mace.
An orc comes into view. It is wielding a +0 mace.
Your adder barely misses the orc.
You hit the orc.
The orc is severely wounded.
You feel sick.
Your adder bites the orc.
The orc is poisoned.
Your adder poisons the orc!
The orc hits you but does no damage.
An orc comes into view. It is wielding a +0 club.
The orc hits your adder with a +0 mace.
You barely miss the orc.
The orc is severely wounded.
You feel sick.
Your adder barely misses the orc.
The orc completely misses you. The orc barely misses your adder.
Unknown command.
You closely miss the orc.
The orc is severely wounded.
You feel sick.
The orc dies!
The hobgoblin hits your adder but does no damage.
Your Armour skill increases to level 2!
Unknown command.
You feel sick.
You are no longer poisoned.
Your adder barely misses the hobgoblin.
The orc hits you with a +0 flail!
You die...

,*,,*** *#...*#......>....# ,,,**
*#..#*#.>........# ,***
#...##..........# ,,*
#....#..........# *,*
##.....#.........) *,*
#..#.............. *,*
#.#####..........# *,* #.#
##.(........# *,*
#@####$...)......# *,*
*#o.Sgoo........... *,*******
#.o######.........# ,,,,,,,,*
**#.o# ##........#
,,,,,,,,*****..o##* #........,
,,,,,,,,,,,,....,,* #.g......,
,,,,,,,,,,......,,*****#...o....,
,,,,,,,,,,......,,,,,,,.........*
,,,,,,,,**#####********#.o......*


You could see 6 orcs, a hobgoblin (ally target) and a friendly adder (charmed).

Vanquished Creatures
  A worm (D:2)
  A dart slug (D:1)
  3 ball pythons
  3 bats
  7 endoplasms
  A giant cockroach (D:2)
  2 goblins
  5 hobgoblins
  7 jackals (D:1)
  2 quokkas (D:1)
  4 frilled lizards (D:2)
  5 kobolds
  2 rats (D:3)
43 creatures vanquished.

Vanquished Creatures (collateral kills)
  An orc (D:3)
1 creature vanquished.

Vanquished Creatures (others)
  An adder (D:2)
1 creature vanquished.

Grand Total: 45 creatures vanquished

Notes
Turn   | Place    | Note
-------+----------+-------------------------------------------
     0 | D:1      | pkoi the Demigod Artificer began the quest for the Orb.
     0 | D:1      | Reached XP level 1. HP: 15/15 MP: 3/3
   305 | D:1      | Reached skill level 1 in Unarmed Combat
   764 | D:1      | Reached XP level 2. HP: 16/22 MP: 4/4
  2570 | D:2      | Reached XP level 3. HP: 27/27 MP: 5/5
  3478 | D:3      | Reached skill level 3 in Evocations
  3558 | D:3      | Slain by an orc

Illustrated notes

Levels and vault maps discovered:
D:1:      erik_arrival_blinker_ship, layout_basic
D:2:      layout_rooms, serial_bayou_pond_e
D:3:      layout_rooms

Skill      XL: |  1  2  3 |
---------------+----------+-----
Unarmed Combat | 1 2 |  2.7
Evocations     | 3 |  3.0
Armour         | 2 |  2.0
Fighting       | |  0.8
Dodging        | |  0.8
Stealth        | |  0.8

Action                   || total
-------------------------++-------
Melee: Short sword       ||   189
       Club              ||     4
       Punch             ||     9
Evoke: Wand              ||     2
  Use: Scroll            ||     4
Armor: Leather armour    ||    36
       Plate armour      ||    63
Dodge: Dodged            ||    90
